Map: Magannatha LE

Players

shadowXfox - Winner!

  • Race: Protoss Protoss
  • Spawn Location: 11:00

A.I. 1 (Medium)

  • Race: Protoss Protoss
  • Spawn Location: 5:00

VOD

Have the link to the VOD?

Description

Time

  • Played on: Aug. 22, 2025, 8:52 p.m.
  • Length: 15:06
Show
View Real Time Build Order
Export as new Build Order

shadowXfox Protoss - Winner!

Build Orders:  

Get SALT Encoding   

  12  0:00  Probe  
  13  0:12  Probe  
  14  0:19  Pylon  
  14  0:24  Probe  
  15  0:37  Probe  
  15  0:38  Forge  
  16  0:49  Probe  
  17  1:07  Pylon  
  17  1:08  Probe  
  17  1:10  Pylon  
  18  1:17  Probe  
  18  1:25  Probe  
  19  1:26  Assimilator  
  19  1:29  Photon Cannon  
  20  1:39  Photon Cannon  
  20  1:45  Pylon  
  20  1:50  Gateway  
  20  1:56  Probe  
  21  2:08  Probe  
  21  2:11  Photon Cannon  
  22  2:20  Assimilator  
  22  2:21  Probe  
  23  2:38  Protoss Shields Level 1  
  23  2:41  Cybernetics Core  
  23  2:55  Nexus  
  23  3:13  Gateway  
  23  3:19  Warp Gate  
  23  3:38  Robotics Facility  
  23  3:45  Shield Battery  
  23  3:47  Shield Battery  
  23  3:51  Photon Cannon  
  23  3:54  Shield Battery  
  23  3:59  Stalker  
  25  4:05  Probe  
  26  4:14  Probe  
  26  4:22  Probe  
  27  4:27  Immortal  
  32  4:54  Pylon  
  32  4:57  Immortal  
  36  5:10  Pylon  
  36  5:16  Gateway  
  36  5:27  Immortal  
  36  5:35  Photon Cannon  
  36  5:38  Shield Battery x2  
  40  6:06  Immortal  
  44  6:11  Protoss Ground Weapons Level 1  
  44  6:42  Probe  
  45  6:51  Probe  
  45  7:00  Probe, Stalker x3  
  53  7:12  Probe  
  54  7:24  Probe  
  54  7:27  Observer  
  56  7:40  Observer  
  53  7:58  Observer  
  39  8:56  Stalker x3  
  39  9:01  Immortal  
  45  9:06  Pylon  
  49  9:29  Photon Cannon  
  49  9:31  Photon Cannon  
  49  9:39  Immortal  
  53  9:46  Photon Cannon  
  53  9:50  Photon Cannon  
  53  9:57  Shield Battery  
  53  10:01  Shield Battery  
  53  10:10  Immortal  
  53  10:18  Protoss Ground Armor Level 1  
  57  10:28  Probe  
  57  10:31  Assimilator  
  57  10:32  Assimilator  
  58  10:36  Probe  
  59  10:43  Twilight Council  
  59  10:45  Probe  
  59  10:49  Immortal  
  64  10:57  Probe  
  65  11:09  Probe  
  66  11:28  Immortal  
  70  11:35  Stargate  
  70  11:36  Stargate  
  70  12:07  Protoss Air Weapons Level 1  
  70  12:17  Protoss Ground Weapons Level 2  
  70  12:34  Fleet Beacon  
  70  13:20  Tempest x2  
  78  14:03  Tempest x2  
  86  14:24  Nexus  
  86  14:56  Unknown  
Show
View Real Time Build Order
Export as new Build Order

A.I. 1 (Medium) Protoss 

Build Orders: Double Forge 

Get SALT Encoding   

  12  0:00  Probe  
  13  0:13  Probe  
  14  0:19  Pylon  
  14  0:25  Probe  
  15  0:33  Probe  
  15  0:41  Probe  
  16  0:47  Assimilator  
  17  0:50  Gateway  
  17  0:51  Probe  
  18  0:58  Pylon  
  18  1:28  Gateway  
  18  1:31  Zealot  
  18  1:42  Cybernetics Core  
  20  1:55  Probe  
  20  1:57  Pylon  
  21  2:03  Probe  
  22  2:11  Probe  
  22  2:15  Assimilator  
  23  2:16  Stalker  
  23  2:21  Probe  
  25  2:27  Warp Gate, Stalker  
  26  2:33  Probe  
  29  2:39  Forge  
  29  2:42  Stalker  
  29  2:45  Probe  
  32  4:30  Probe, Adept  
  35  4:32  Pylon  
  35  4:33  Photon Cannon  
  35  4:35  Photon Cannon  
  35  4:37  Robotics Facility  
  35  4:42  Probe, Stargate  
  35  4:43  Zealot  
  35  4:45  Gateway  
  32  4:48  Forge  
  32  4:52  Twilight Council  
  30  4:56  Sentry  
  30  4:59  Pylon  
  32  5:09  Zealot  
  34  5:22  Stalker  
  34  5:25  Observer  
  29  5:34  Stalker  
  31  5:43  Observer  
  31  5:47  Stalker  
  34  6:00  Adept  
  35  6:08  Probe  
  33  6:13  Zealot  
  33  6:17  Probe  
  32  6:25  Probe  
  32  6:26  Zealot  
  35  6:39  Adept  
  34  6:49  Probe  
  34  6:52  Sentry  
  35  7:01  Probe  
  35  7:05  Stalker  
  37  7:11  Pylon  
  37  7:12  Stalker  
  36  7:25  Void Ray  
  36  7:26  Probe, Immortal  
  39  7:33  Stalker  
  40  7:38  Probe  
  40  7:40  Stalker  
  38  7:47  Stalker  
  38  7:50  Probe  
  31  7:56  Stalker  
  30  8:00  Pylon  
  30  8:02  Pylon  
  30  8:03  Void Ray  
  33  8:10  Probe  
  33  8:11  Stalker  
  34  8:22  Probe  
  34  8:28  Pylon  
  34  8:34  Probe, Adept  
  36  8:46  Probe  
  28  8:48  Adept  
  30  9:02  Probe, Stalker  
  32  9:16  Stalker  
  29  9:28  Probe  
  28  9:36  Probe  
  29  9:45  Gateway  
  26  10:18  Robotics Facility, Observer  
  26  10:24  Probe  
  26  10:33  Probe  
  26  10:34  Stargate  
  25  10:41  Probe  
  25  10:51  Probe  
  21  11:20  Stalker  
  20  11:32  Probe  
  16  11:45  Probe  
  13  11:57  Probe  
  13  12:09  Probe  
  13  12:21  Probe  
  14  12:33  Probe  
  14  12:41  Probe  
  14  12:56  Probe  
  13  13:10  Probe  
  13  13:37  Probe  
  13  13:45  Probe  
  11  13:53  Probe  
  13  14:05  Probe  
  13  14:17  Probe  
  14  14:29  Probe  
  13  14:41  Probe  
  13  14:49  Probe  
Tags
 
Matchup
PvP
Spawn Locations
Cross Positions
Add a new tag
Caveats
  • Supply blocks, unpowered buildings, or Contaminate may cause inaccurate times.
  • Supply counts are checked every 10 seconds.